 Dungeon Sprint DCSS version 0.31-a0-536-ga3e2962e35 (webtiles) character file.

Game seed: 5470687595002582877

5500000 Conn the Conqueror (level 23, -48/175 HPs)
             Began as a Gargoyle Berserker on Aug 13, 2023.
             Was the Champion of Trog.
             Annihilated by a meat berserker
             ... wielding a +9 battleaxe
              (95 damage)
             ... in the Dungeon (Sprint VIII: "Arena of Blood").
             The game lasted 00:04:55 (55 turns).

Conn the Conqueror (Gargoyle Berserker)               Turns: 55, Time: 00:04:56

Health: -48/175    AC: 22    Str: 28    XL:     23   Next: 30%
Magic:  21/37      EV: 21    Int: 12    God:    Trog [******]
Gold:   0          SH:  0    Dex:  9    Spells: 22/22 levels left

rFire   . . .        i - +∞ Axe of Woe
rCold   . . .        (shield currently unavailable)
rNeg    + . .        b - +0 animal skin
rPois   ∞            (no helmet)
rElec   +            (no cloak)
rCorr   .            (no gloves)
SInv    .            (no boots)
Will    +....        (no amulet)
Stlth   ++++++++     (no ring)
HPRegen 0.49/turn    (no ring)
MPRegen 0.25/turn

%: no teleportation
@: flying, hasted, very quick
A: sickness immunity, AC +17, big wings, negative energy resistance 1,
electricity resistance, torment resistance 1, petrification resistance
a: Renounce Religion, Berserk, Trog's Hand, Brothers in Arms


You were in the Dungeon.
You worshipped Trog.
Trog was exalted by your worship.
You visited 1 branch

Inventory:

Hand Weapons
 a - a +0 hand axe
 i - the +∞ Axe of Woe (weapon)
   (You found it in the Dungeon)
Armour
 b - a +0 animal skin (worn)
Potions
 c - a potion of curing
 f - 2 potions of magic
 g - a potion of berserk rage


   Skills:
 O Level 27 Fighting
 + Level 19.6(22.8) Short Blades
 + Level 19.6(22.8) Long Blades
 O Level 27 Axes
 + Level 21.2(27) Maces & Flails
 + Level 19.6(27) Polearms
 + Level 21.2(27) Staves
 + Level 21.2 Ranged Weapons
 + Level 19.6 Throwing
 O Level 27 Armour
 O Level 27 Dodging
 + Level 24.7 Stealth
 + Level 22.9 Shields
 + Level 20.0 Unarmed Combat
 + Level 21.6 Invocations
 + Level 18.5 Evocations
 + Level 14.5 Shapeshifting


You had 22 spell levels left.
You didn't know any spells.
Your spell library was empty.

Dungeon Overview and Level Annotations

Branches:
Dungeon (1/1)

Altars:
Makhleb


Innate Abilities, Weirdness & Mutations

You are immune to sickness and miasma.
Your stone body is resilient. (AC +17)
You are immune to poison.
Your large and strong wings let you fly.
You resist negative energy. (rN+)
You are resistant to electric shocks. (rElec)
You are resistant to unholy torment.
You are immune to petrification.


Message History

Your Throwing skill increases to level 19!
Your Stealth skill increases to level 24!
Your Shields skill increases to level 22!
Your Invocations skill increases to level 21!
Your Evocations skill increases to level 18!
Your Shapeshifting skill increases to level 14!
You have reached level 23!
Unknown command.
Press < or > to pray at altars.
You hit the bag of meat.
You slaughter the bag of meat joyfully.
You kill the bag of meat!
Trog accepts your kill.
You hear a shout! x4
The tyrant mumbles some strange words.
You hear a shout! x3
Your Unarmed Combat skill increases to level 20!
Unknown command.
Press < or > to pray at altars.
Unknown command.
Press < or > to pray at altars.
Unknown command.
Press < or > to pray at altars.
Unknown command.
Press < or > to pray at altars.
Unknown command.
Press < or > to pray at altars.
You feel yourself speed up.
The tentacled monstrosity disappears in a puff of smoke!
You hear a shout! x3
The meat berserker rages.
You hear a shout!
The destroyer is engulfed in blazing flames.
The destroyer gestures at you while chanting.
The destroyer blinks!
You hear a shout!
The bag of meat is engulfed in blazing flames.
You hear a shout! x2
The meat berserker hits you with a +9 battleaxe!!!!
Ouch! That really hurt!
You die...

.... O... .....
... #... ..# .
#.oo ...# .
..###... ...###...
......o###.X......
........_).X......
....#O)oL)#......
. #@o§☼_# ..O..
...#§V§))#......
.....§§_)))....O.
......###☼°......
o.###... ...###...
. #.......# ..
#......V#
.........
...........


You could see a tentacled monstrosity (summoned), a tyrant (fast), a destroyer,
a large abomination (summoned), a meat berserker (berserk) and 5 bags of meat.

Vanquished Creatures
  4 vampire knights (D)
  15 ogres (D)
  4 two-headed ogres (D)
  27 orcs (D)
  3 skeletal warriors (D)
53 creatures vanquished.

Notes
Turn   | Place    | Note
-------+----------+-------------------------------------------
     0 | D        | Found the +∞ Axe of Woe
     0 | D        | Conn the Gargoyle Berserker began the quest for the Orb.
     0 | D        | Reached XP level 1. HP: 14/14 MP: 1/1
     0 | D        | Noticed a meat berserker
     3 | D        | Killed a meat berserker
     3 | D        | Noticed a bag of meat
     3 | D        | Noticed a bag of meat
     3 | D        | Noticed a bag of meat
     3 | D        | Noticed a bag of meat
     4 | D        | Reached skill level 10 in Armour
     4 | D        | Reached XP level 2. HP: 41/41 MP: 2/2
     4 | D        | Reached XP level 3. HP: 47/47 MP: 3/3
     4 | D        | Reached XP level 4. HP: 52/52 MP: 4/4
     4 | D        | Reached XP level 5. HP: 58/58 MP: 5/5
     4 | D        | Reached XP level 6. HP: 64/64 MP: 6/6
     4 | D        | Reached XP level 7. HP: 69/69 MP: 7/7
     4 | D        | Reached XP level 8. HP: 75/75 MP: 8/8
     4 | D        | Reached XP level 9. HP: 80/80 MP: 9/9
     4 | D        | Reached XP level 10. HP: 86/86 MP: 10/10
     4 | D        | Reached XP level 11. HP: 91/91 MP: 11/11
     4 | D        | Reached XP level 12. HP: 97/97 MP: 12/12
     4 | D        | Noticed a bag of meat
     5 | D        | Noticed a bag of meat
     7 | D        | Noticed a bag of meat
     7 | D        | Noticed a bag of meat
     8 | D        | Noticed a bag of meat
    10 | D        | Killed a bag of meat
    10 | D        | Reached ** piety under Trog
    11 | D        | Killed a bag of meat
    11 | D        | Noticed a meat berserker
    11 | D        | Noticed a bag of meat
    12 | D        | Reached XP level 13. HP: 108/108 MP: 13/13
    12 | D        | Killed a meat berserker
    13 | D        | Reached skill level 10 in Dodging
    13 | D        | Gained mutation: Your large and strong wings let you fly.
                  | [Gargoyle growth]
    13 | D        | Reached XP level 14. HP: 118/118 MP: 14/14
    13 | D        | Killed a bag of meat
    14 | D        | Noticed a meat berserker
    14 | D        | Noticed a bag of meat
    15 | D        | Killed a bag of meat
    15 | D        | Reached *** piety under Trog
    16 | D        | Killed a bag of meat
    16 | D        | Noticed a bag of meat
    17 | D        | Reached skill level 27 in Fighting
    17 | D        | Reached skill level 15 in Armour
    17 | D        | Reached XP level 15. HP: 127/127 MP: 15/15
    19 | D        | Killed a meat berserker
    19 | D        | Reached **** piety under Trog
    19 | D        | Noticed a meat berserker
    20 | D        | Reached skill level 27 in Axes
    20 | D        | Noticed a meat berserker
    20 | D        | Noticed a meat berserker
    23 | D        | Reached skill level 15 in Dodging
    23 | D        | Noticed a destroyer
    24 | D        | Reached XP level 16. HP: 133/133 MP: 16/16
    26 | D        | Killed a meat berserker
    26 | D        | Reached ***** piety under Trog
    26 | D        | Noticed a large bag of meat
    26 | D        | Noticed a meat berserker
    27 | D        | Killed a meat berserker
    27 | D        | Killed a large bag of meat
    27 | D        | Received a gift from Trog
    28 | D        | Reached skill level 27 in Armour
    28 | D        | Reached XP level 17. HP: 117/139 MP: 17/17
    28 | D        | Noticed a destroyer
    28 | D        | Noticed a large bag of meat
    29 | D        | Killed a meat berserker
    30 | D        | Reached skill level 27 in Dodging
    30 | D        | Killed a destroyer
    31 | D        | Reached skill level 5 in Maces & Flails
    31 | D        | Reached skill level 5 in Staves
    31 | D        | Reached skill level 5 in Ranged Weapons
    31 | D        | Reached skill level 5 in Shields
    31 | D        | Reached skill level 5 in Invocations
    31 | D        | Reached XP level 18. HP: 123/145 MP: 17/22
    31 | D        | Noticed a meat berserker
    32 | D        | Killed a destroyer
    33 | D        | Killed a meat berserker
    33 | D        | Received a gift from Trog
    34 | D        | Reached skill level 10 in Stealth
    34 | D        | Reached skill level 5 in Shapeshifting
    34 | D        | Noticed a large bag of meat
    36 | D        | Reached skill level 10 in Maces & Flails
    36 | D        | Reached skill level 10 in Staves
    36 | D        | Reached skill level 10 in Ranged Weapons
    36 | D        | Reached skill level 10 in Invocations
    36 | D        | Reached XP level 19. HP: 130/151 MP: 17/26
    36 | D        | Noticed a meat berserker
    37 | D        | Noticed a destroyer
    37 | D        | Noticed a large bag of meat
    38 | D        | Killed a meat berserker
    38 | D        | Noticed a meat berserker
    39 | D        | Reached skill level 10 in Short Blades
    39 | D        | Reached skill level 10 in Long Blades
    39 | D        | Reached skill level 10 in Polearms
    39 | D        | Reached skill level 10 in Throwing
    39 | D        | Reached skill level 10 in Unarmed Combat
    39 | D        | Killed a large bag of meat
    39 | D        | Noticed a meat berserker
    40 | D        | Reached skill level 10 in Evocations
    40 | D        | Noticed a sculptor of flesh
    40 | D        | Noticed a meat berserker
    40 | D        | Noticed a destroyer
    41 | D        | Killed a meat berserker
    41 | D        | Reached ****** piety under Trog
    41 | D        | Received a gift from Trog
    42 | D        | Reached skill level 15 in Stealth
    42 | D        | Reached XP level 20. HP: 87/157 MP: 18/30
    43 | D        | Killed a meat berserker
    44 | D        | Reached skill level 15 in Shields
    45 | D        | Reached skill level 15 in Invocations
    45 | D        | Reached skill level 10 in Shapeshifting
    45 | D        | Killed a large bag of meat
    45 | D        | Received a gift from Trog
    45 | D        | Noticed a tyrant
    46 | D        | Reached skill level 15 in Maces & Flails
    46 | D        | Reached skill level 15 in Staves
    46 | D        | Reached skill level 15 in Ranged Weapons
    46 | D        | Reached XP level 21. HP: 54/163 MP: 19/32
    46 | D        | Killed a meat berserker
    46 | D        | Killed a meat berserker
    46 | D        | Noticed a destroyer
    47 | D        | Reached skill level 15 in Short Blades
    47 | D        | Reached skill level 15 in Long Blades
    47 | D        | Reached skill level 15 in Polearms
    47 | D        | Reached skill level 15 in Throwing
    47 | D        | Reached skill level 15 in Unarmed Combat
    47 | D        | Received a gift from Trog
    48 | D        | Reached skill level 15 in Evocations
    48 | D        | Noticed a meat berserker
    48 | D        | Noticed a meat berserker
    49 | D        | Killed a destroyer
    50 | D        | Noticed a meat berserker
    50 | D        | Noticed a meat berserker
    51 | D        | Killed a meat berserker
    51 | D        | Killed a meat berserker
    52 | D        | Reached XP level 22. HP: 44/169 MP: 20/35
    52 | D        | Killed a destroyer
    52 | D        | Received a gift from Trog
    52 | D        | Killed a large bag of meat
    53 | D        | Received a gift from Trog
    54 | D        | Reached XP level 23. HP: 46/175 MP: 20/37
    55 | D        | Annihilated by a meat berserker

Illustrated notes

Levels and vault maps discovered:
D:        meatsprint

Skill      XL: |  1  2  3  4  5  6  7  8  9 10 11 12 13 14 15 16 17 18 19 20 21 22 23 |
---------------+----------------------------------------------------------------------+-----
Fighting       | 20 23 25 27 | 27.0
Axes           | 17 20 22 25 27 | 27.0
Armour         | 10 12 13 15 21 27 | 27.0
Dodging        | 8 9 10 12 16 25 27 | 27.0
Short Blades   | 4 9 12 14 17 19 | 19.6
Long Blades    | 4 9 12 14 17 19 | 19.6
Maces & Flails | 5 10 13 15 19 21 | 21.2
Polearms       | 4 9 12 14 17 19 | 19.6
Staves         | 5 10 13 15 19 21 | 21.2
Ranged Weapons | 5 10 13 15 19 21 | 21.2
Throwing       | 4 9 12 14 17 19 | 19.6
Stealth        | 6 11 15 18 22 24 | 24.7
Shields        | 5 11 14 17 20 22 | 22.9
Unarmed Combat | 4 9 12 14 18 19 20 | 20.0
Invocations    | 5 10 13 15 19 21 | 21.6
Evocations     | 4 8 11 13 16 18 | 18.5
Shapeshifting  | 3 6 8 10 13 14 | 14.5

Action                     |  1- 3 |  4- 6 |  7- 9 | 10-12 | 13-15 | 16-18 | 19-21 | 22-24 || total
---------------------------+-------+-------+-------+-------+-------+-------+-------+-------++-------
  Melee: Executioner's axe |     1 |       |       |     2 |     7 |     8 |    11 |     3 ||    32
    Use: Potion            |       |       |       |       |       |       |     1 |     1 ||     2
         Scroll            |       |       |       |       |       |       |     1 |       ||     1
 Armour: Animal skin       |       |       |       |       |       |       |       |     1 ||     1

Table legend: (Time is in decaauts)
 A = Elapsed time spent in this place.
 B = Non-inter-level travel time spent in this place.
 C = Inter-level travel time spent in this place.
 D = Time resting spent in this place.
 E = Time spent auto-exploring this place.
 F = Levels seen in this place.
 G = Mean time per level.
                   A        B        C        D        E       F      G
               +--------+--------+--------+--------+--------+-----+--------+
         Total |     46 |     46 |      0 |      0 |      0 |   1 |   46.0 |
       Dungeon |     46 |     46 |      0 |      0 |      0 |   1 |   46.0 |
               +--------+--------+--------+--------+--------+-----+--------+

Top non-repeatable levels by time:
       D: 46 daAuts
